 Dungeon Crawl Stone Soup version 0.20.0-15-g7f486f2 (webtiles) character file.

797 vishdafish the Cudgeler (level 7, -8/66 HPs)
             Began as a Gargoyle Fighter on June 23, 2017.
             Killed by divine providence
             ... invoked by an orc priest
              (15 damage)
             ... on level 6 of the Dungeon.
             The game lasted 00:07:24 (3923 turns).

vishdafish the Cudgeler (Gargoyle Fighter)          Turns: 3923, Time: 00:07:25

Health: -8/66      AC: 23    Str: 22    XL:     7   Next: 89%
Magic:  7/7        EV:  2    Int:  8    God:
Gold:   211        SH: 10    Dex: 13    Spells: 6/6 levels left

rFire    . . .     SeeInvis .   a - +0 flail
rCold    . . .     Gourm    .   c - +0 shield
rNeg     + + +     Faith    .   (armour currently unavailable)
rPois    ∞         Spirit   .   (helmet currently unavailable)
rElec    .         Reflect  .   (cloak currently unavailable)
rCorr    .         Harm     .   (gloves currently unavailable)
MR       .....     NoTele   +   (boots currently unavailable)
Stlth    ++........             (no amulet)
Regen    0.3/turn               g - +4 ring of dexterity
MPRegen  0.1/turn               (no ring)

@: tree-form
A: negative energy resistance 1, petrification resistance, rot immunity, AC +4
a: no special abilities


You were on level 6 of the Dungeon.
You were not hungry.
You were a tree.
You visited 1 branch of the dungeon, and saw 6 of its levels.

You collected 211 gold pieces.

Inventory:

Hand Weapons
 a - a +0 flail (weapon)
Armour
 b - a +0 scale mail (melded)
 c - a +0 shield (worn)
Jewellery
 g - a +4 ring of dexterity (left branch)
Scrolls
 j - 8 scrolls of identify {unknown}
 k - a scroll of immolation {unknown}
 l - a scroll of fear {unknown}
 m - a scroll of enchant weapon {unknown}
 n - a scroll of amnesia {unknown}
Potions
 e - a potion of mutation {unknown}
 h - a potion of agility {unknown}
Comestibles
 f - 2 bread rations
 i - 2 meat rations
 o - 2 fruits


   Skills:
 + Level 4.6 Fighting
 + Level 5.7 Maces & Flails
 + Level 4.8 Armour
 + Level 1.8 Dodging
 + Level 0.8 Stealth
 + Level 5.4 Shields


You had 6 spell levels left.
You didn't know any spells.

Dungeon Overview and Level Annotations

Branches:
Dungeon (7/15)
 Temple: D:4-7

Altars:


Innate Abilities, Weirdness & Mutations

You are resistant to torment.
((Your stone body is resilient. (AC +4)))
You are immune to poison.
You resist negative energy. (rN+)
((You are resistant to electric shocks. (rElec)))
((You can survive without breathing.))
You are immune to petrification.
You are immune to rotting.


Message History

You block the orc priest's attack.
The orc priest hits you but does no damage.
The orc priest calls down the wrath of Beogh upon you.
Beogh smites you!
* * * LOW HITPOINT WARNING * * *
You hit the orc priest.
The orc priest is heavily wounded.
You are no longer corroded.
The orc priest hits you but does no damage.
You hit the orc priest but do no damage.
The orc priest is heavily wounded.
You block the orc priest's attack.
You hit the orc priest.
The orc priest is severely wounded.
The orc priest hits you but does no damage.
You closely miss the orc priest.
The orc priest is severely wounded.
The orc priest mumbles some strange prayers to Beogh against you.
Beogh smites you!
You die...

#.## # #.# #####J#
#.....# #.#####
#O# ##.#
####.o########.
#...ooo♣.......
#.....############
#..... #.....
#..... ######


You could see 2 orc priests and 2 orcs.

Vanquished Creatures
  A phantom (D:7)
  A centaur (D:7)
  2 big kobolds (D:3)
  A scorpion (D:7)
  An orc priest (D:3)
  2 jellies
  2 worker ants
  5 adders
  4 gnolls (D:3)
  A shadow imp (D:3)
  An ooze (D:2)
  3 worms
  5 dart slugs
  3 leopard geckos
  5 orcs
  13 bats
  6 giant cockroaches
  31 goblins
  40 hobgoblins
  13 jackals
  5 quokkas
  A ball python (D:4)
  7 frilled lizards
  10 kobolds
  10 rats
  A bush (D:1)
  A plant (D:1)
175 creatures vanquished.

Notes
Turn   | Place    | Note
-------+----------+-------------------------------------------
     0 | D:1      | vishdafish the Gargoyle Fighter began the quest for the Orb.
     0 | D:1      | Reached XP level 1. HP: 14/14 MP: 1/1
   245 | D:1      | Reached XP level 2. HP: 13/19 MP: 2/2
   667 | D:1      | Reached XP level 3. HP: 23/23 MP: 3/3
  1431 | D:2      | Reached XP level 4. HP: 28/28 MP: 4/4
  1914 | D:3      | Reached XP level 5. HP: 9/33 MP: 5/5
  2527 | D:3      | Reached skill level 1 in Dodging
  2709 | D:3      | Reached XP level 6. HP: 24/38 MP: 6/6
  3228 | D:3      | Reached XP level 7. HP: 42/43 MP: 7/7
  3699 | D:4      | Reached skill level 5 in Shields
  3701 | D:4      | Reached skill level 5 in Maces & Flails
  3715 | D:4      | You fall through a shaft for 3 floors!
  3923 | D:6      | Killed from afar by an orc priest

Skill      XL: |  1  2  3  4  5  6  7 |
---------------+----------------------+-----
Maces & Flails | 3 4 5 |  5.7
Armour         | 4 |  4.8
Shields        | 4 5 |  5.4
Dodging        | 1 |  1.8
Fighting       | 4 |  4.6
Stealth        | |  0.8

Action                   |  1- 3 |  4- 6 |  7- 9 || total
-------------------------+-------+-------+-------++-------
Melee: Flail             |   207 |   333 |   103 ||   643
  Use: Potion            |       |     2 |     1 ||     3
  Eat: Chunk             |     2 |     2 |     1 ||     5
       Bread ration      |       |     1 |     1 ||     2
Armor: Scale mail        |    73 |   255 |    39 ||   367
       Skin              |       |       |     9 ||     9
Dodge: Dodged            |    37 |   191 |    20 ||   248
Block: Shield            |    72 |   254 |    52 ||   378
